 Dungeon Crawl Stone Soup version 0.30.1-4-g462c640d31 (webtiles) character file.

Game seed: 14639554872333666989

9 Kurtz the Covered (level 2, 0/19 HPs)
             Began as a Tengu Fighter on Sept 18, 2023.
             Slain by a gnoll
             ... wielding a +0 club
              (3 damage)
             ... on level 1 of the Dungeon.
             The game lasted 00:00:21 (186 turns).

Kurtz the Covered (Tengu Fighter)                    Turns: 186, Time: 00:00:22

Health: 0/19       AC:  6    Str: 16    XL:     2   Next: 16%
Magic:  3/3        EV:  8    Int:  8    God:
Gold:   27         SH:  4    Dex: 13    Spells: 1/1 levels left

rFire   + . .        a - +0 war axe
rCold   + . .        c - +0 buckler
rNeg    . . .        b - +0 scale mail
rPois   .            (helmet restricted)
rElec   .            g - scarf {rC+ rF+}
rCorr   .            (no gloves)
SInv    .            (boots unavailable)
Will    .....        (no amulet) Stlth
                     (no ring)
HPRegen 0.23/turn    (no ring)
MPRegen 0.08/turn

%: no passive effects
@: no status effects
A: beak, talons 3
a: no special abilities


You were on level 1 of the Dungeon.
You visited 1 branch of the dungeon, and saw 2 of its levels.

You collected 27 gold pieces.

Inventory:

Hand Weapons
 a - a +0 war axe (weapon)
Armour
 b - a +0 scale mail (worn)
 c - a +0 buckler (worn)
 g - a scarf of resistance (worn)
Scrolls
 e - a scroll of noise {unknown}
Potions
 d - a potion of might
 f - a potion of mutation {unknown}
 h - 2 potions of lignification {unknown}


   Skills:
 - Level 3.0 Fighting
 * Level 3.1 Axes
 - Level 3.2 Armour
 - Level 3.0 Shields


You had one spell level left.
You didn't know any spells.
Your spell library was empty.

Dungeon Overview and Level Annotations

Branches:
Dungeon (2/15)

Altars:


Innate Abilities, Weirdness & Mutations

You have a beak for a mouth.
You have claws for feet.


Message History

You kill the giant cockroach!
You hit the dart slug.
The dart slug bites you but does no damage.
The gnoll hits you but does no damage.
There is a stone staircase leading up here.
The dart slug launches a dart at you. The slug dart hits you.
The gnoll hits you with a +0 club.
You climb upwards.
There is a stone staircase leading down here.
You closely miss the gnoll. You claw the gnoll.
The gnoll is lightly wounded.
You block the gnoll's attack.
You closely miss the gnoll.
The gnoll is lightly wounded.
You block the gnoll's attack.
You hit the gnoll but do no damage. You claw the gnoll.
Your peck misses the gnoll.
The gnoll is lightly wounded.
The gnoll hits you but does no damage. The gnoll barely misses you.
Unknown command.
You barely miss the gnoll. Your kick misses the gnoll.
The gnoll is lightly wounded.
You block the gnoll's attack.
You closely miss the gnoll.
The gnoll is lightly wounded.
The gnoll hits you with a +0 club. x2
You are too injured to fight recklessly!
You closely miss the gnoll.
The gnoll is lightly wounded.
The gnoll hits you with a +0 club.
* * * LOW HITPOINT WARNING * * *
You closely miss the gnoll. You claw the gnoll, but do no damage.
The gnoll is lightly wounded.
The gnoll misses you. The gnoll hits you with a +0 club.
* * * LOW HITPOINT WARNING * * *
Okay, then.
The gnoll attacks as you move away! The gnoll hits you but does no damage.
You see here a +0 dagger.
The gnoll attacks as you move away! The gnoll hits you with a +0 club.
You die...

#.#.....# ## #.# #.
#.#.##### ..# #.# #.
#.......# #.# #.# #.
###.####### #.# #.##
#. .....#
###.#####..# ######.
..#..## #..........#
#...... ..#...#.#
##....#####.#
#.##### . #.#.#.#
#.......# #.# #.# .
#.#.#.# #....@..#
#.# #.# #.#.#.#
#...g...###.# #.#
#.#.#.#
#.....†.....# #.#
..#.....#
#.)#.##.###.####.#
......#.####..#.##.#
#......#
#####..............#
########
#.........#.####
###.####.>#.# #.#
#..#.#


You could see a gnoll.

Vanquished Creatures
  A bat (D:2)
  3 giant cockroaches
  A goblin (D:1)
  2 hobgoblins (D:1)
7 creatures vanquished.

Notes
Turn   | Place    | Note
-------+----------+-------------------------------------------
     0 | D:1      | Kurtz the Tengu Fighter began the quest for the Orb.
     0 | D:1      | Reached XP level 1. HP: 14/14 MP: 2/2
   123 | D:1      | Reached XP level 2. HP: 19/19 MP: 3/3
   186 | D:1      | Slain by a gnoll

Illustrated notes

Levels and vault maps discovered:
D:1:      matt_arrival_spirals, layout_loops_ring,
          hellmonk_ecumenical_altar_lost_god
D:2:      layout_rooms, basic_altar, serial_shops, shop_statue

Skill      XL: |  1  2 |
---------------+-------+-----
Axes           | 3 |  3.1
Fighting       | |  3.0
Armour         | |  3.2
Shields        | |  3.0

Action                     || total
---------------------------++-------
  Melee: War axe           ||    21
         Peck              ||     2
         Kick              ||     5
 Armour: Scale mail        ||     9
  Dodge: Dodged            ||    10
  Block: Buckler           ||     6
